General information
- name: BNet
- type: Ladder 1vs1/FFA
- host: Battle.net
- saver: WCR.AllForIcons
map: EchoIsles
- players: 2
- length: 183:36
- speed: Fast
- version: 1.21 W3XP
- replay type: Public
» download(458 KB)
Players
team 1 (winner)
WCR.AllForIcons (
red | 51 APM | 9390 actions | 183:36)
6 Archmage
3 Summon Water Elemental
2 Brilliance Aura
1 Mass Teleport
3 Goblin Alchemist
2 Acid Bomb
1 Chemical Rage
3 Mountain King
2 Storm Bolt
1 Bash
» actions
| Assign group hotkey | 78 | |
| Basic commands | 97 | |
| Build / train | 214 | |
| ESC pressed | 24 | |
| Enter build submenu | 226 | |
| Enter hero's abilities submenu | 16 | |
| Give item / drop item | 6 | |
| Right click | 4248 | |
| Select / deselect | 1958 | |
| Select group hotkey | 1784 | |
| Use ability | 737 | |
9390 total
» units
| Peasant | 30 | |
| Footman | 10 | |
| Gryphon Rider | 5 | |
| Dragonhawk Rider | 4 | |
| Flying Machine | 1 | |
| Siege Engine | 1 | |
51 total
» upgrades
| Lumber Harvesting | 2 | |
| Storm Hammers | 1 | |
| Cloud | 1 | |
| Armor | 3 | |
| Magic Sentry | 1 | |
| Masonry | 3 | |
| Animal War Training | 1 | |
| Swords | 1 | |
13 total
» buildings
| Altar of Kings | 1 | |
| Lumber Mill | 1 | |
| Barracks | 1 | |
| Farm | 51 | |
| Scout Tower | 156 | |
| Arcane Tower | 27 | |
| Arcane Vault | 1 | |
| Guard Tower | 66 | |
| Town Hall | 2 | |
| Keep | 4 | |
| Castle | 1 | |
| Gryphon Aviary | 3 | |
| Blacksmith | 1 | |
| Arcane Sanctum | 1 | |
| Workshop | 4 | |
| Cannon Tower | 13 | |
333 total
» build order
00:10 Altar of Kings
00:20 Lumber Mill
00:36 Barracks
00:38 Farm
01:23 Farm
01:40 Scout Tower
01:47 Scout Tower
02:25 Arcane Tower
02:27 Farm
04:02 Scout Tower
04:17 Arcane Tower
04:19 Scout Tower
04:26 Arcane Vault
04:39 Farm
04:49 Guard Tower
04:59 Scout Tower
05:12 Guard Tower
05:25 Town Hall
07:00 Keep
07:01 Keep
07:17 Scout Tower
08:28 Guard Tower
08:29 Scout Tower
08:31 Scout Tower
08:32 Scout Tower
08:43 Scout Tower
08:44 Scout Tower
08:58 Guard Tower
09:37 Scout Tower
09:39 Scout Tower
09:39 Guard Tower
09:41 Scout Tower
09:41 Scout Tower
09:46 Guard Tower
09:48 Castle
09:52 Guard Tower
09:53 Scout Tower
10:38 Guard Tower
10:42 Scout Tower
10:43 Scout Tower
10:44 Scout Tower
11:00 Scout Tower
11:01 Scout Tower
11:02 Scout Tower
11:09 Guard Tower
11:12 Guard Tower
11:18 Scout Tower
11:20 Scout Tower
11:22 Guard Tower
11:47 Guard Tower
12:12 Guard Tower
12:31 Guard Tower
12:37 Guard Tower
13:05 Town Hall
14:43 Gryphon Aviary
14:45 Gryphon Aviary
14:49 Gryphon Aviary
14:53 Blacksmith
14:55 Farm
14:56 Farm
15:04 Farm
15:49 Scout Tower
17:51 Arcane Sanctum
18:03 Scout Tower
18:04 Scout Tower
18:08 Scout Tower
18:11 Scout Tower
18:36 Scout Tower
18:37 Scout Tower
18:47 Scout Tower
18:49 Scout Tower
18:50 Scout Tower
18:53 Guard Tower
19:16 Arcane Tower
19:17 Guard Tower
19:49 Arcane Tower
19:51 Farm
19:53 Farm
19:57 Guard Tower
19:58 Arcane Tower
20:30 Scout Tower
20:57 Arcane Tower
23:49 Scout Tower
23:51 Scout Tower
23:52 Scout Tower
23:53 Scout Tower
23:54 Scout Tower
23:58 Scout Tower
23:59 Scout Tower
24:00 Scout Tower
24:02 Scout Tower
24:03 Scout Tower
24:04 Scout Tower
24:04 Scout Tower
24:19 Arcane Tower
24:20 Arcane Tower
24:21 Guard Tower
24:46 Guard Tower
24:47 Scout Tower
24:48 Arcane Tower
24:49 Arcane Tower
24:50 Guard Tower
24:51 Scout Tower
24:54 Scout Tower
24:57 Scout Tower
24:58 Scout Tower
25:47 Guard Tower
25:53 Scout Tower
25:54 Scout Tower
25:57 Scout Tower
25:58 Scout Tower
26:04 Scout Tower
26:06 Scout Tower
26:09 Guard Tower
26:26 Workshop
26:27 Workshop
26:28 Workshop
26:30 Guard Tower
26:33 Guard Tower
26:39 Guard Tower
26:46 Workshop
26:52 Guard Tower
26:53 Scout Tower
26:54 Scout Tower
26:59 Guard Tower
27:01 Scout Tower
27:01 Scout Tower
27:02 Scout Tower
27:05 Scout Tower
27:06 Scout Tower
27:09 Guard Tower
27:22 Guard Tower
27:30 Guard Tower
27:33 Scout Tower
27:35 Cannon Tower
27:41 Scout Tower
27:42 Scout Tower
27:46 Scout Tower
27:49 Guard Tower
27:56 Guard Tower
28:01 Cannon Tower
28:03 Scout Tower
28:16 Arcane Tower
28:24 Scout Tower
28:26 Scout Tower
28:28 Scout Tower
28:30 Scout Tower
28:34 Scout Tower
28:36 Guard Tower
28:36 Arcane Tower
28:43 Guard Tower
28:46 Scout Tower
29:03 Cannon Tower
29:05 Scout Tower
29:07 Cannon Tower
29:10 Scout Tower
29:26 Arcane Tower
29:28 Scout Tower
29:29 Scout Tower
29:36 Scout Tower
29:46 Scout Tower
29:52 Guard Tower
30:03 Arcane Tower
30:05 Scout Tower
30:23 Guard Tower
30:24 Guard Tower
30:25 Scout Tower
30:40 Arcane Tower
30:47 Scout Tower
31:05 Scout Tower
31:07 Scout Tower
31:08 Scout Tower
31:21 Guard Tower
31:25 Scout Tower
31:26 Scout Tower
31:43 Guard Tower
31:46 Scout Tower
31:47 Scout Tower
32:09 Guard Tower
32:28 Guard Tower
32:29 Scout Tower
32:30 Scout Tower
32:31 Arcane Tower
32:38 Scout Tower
32:41 Guard Tower
33:07 Arcane Tower
33:10 Scout Tower
33:28 Scout Tower
33:36 Guard Tower
33:56 Arcane Tower
34:19 Guard Tower
34:22 Scout Tower
34:23 Scout Tower
35:30 Scout Tower
35:31 Scout Tower
35:32 Scout Tower
35:33 Scout Tower
35:34 Scout Tower
35:49 Guard Tower
35:52 Scout Tower
36:00 Guard Tower
36:01 Arcane Tower
36:05 Guard Tower
36:06 Guard Tower
36:13 Scout Tower
36:20 Arcane Tower
36:22 Scout Tower
36:23 Scout Tower
36:24 Scout Tower
36:26 Scout Tower
36:30 Scout Tower
36:41 Guard Tower
36:44 Scout Tower
36:47 Scout Tower
36:48 Scout Tower
36:51 Scout Tower
36:53 Scout Tower
36:55 Cannon Tower
36:59 Guard Tower
37:00 Arcane Tower
37:36 Guard Tower
37:37 Guard Tower
37:38 Arcane Tower
37:56 Cannon Tower
37:58 Scout Tower
37:59 Scout Tower
38:02 Scout Tower
38:39 Cannon Tower
38:40 Arcane Tower
38:46 Scout Tower
39:04 Guard Tower
39:05 Scout Tower
39:06 Scout Tower
39:09 Scout Tower
39:20 Guard Tower
39:22 Scout Tower
39:23 Scout Tower
39:24 Scout Tower
39:26 Scout Tower
39:28 Scout Tower
39:33 Scout Tower
39:36 Cannon Tower
39:50 Scout Tower
39:51 Guard Tower
39:52 Arcane Tower
39:53 Scout Tower
39:56 Guard Tower
39:58 Scout Tower
39:59 Scout Tower
40:00 Guard Tower
40:46 Scout Tower
40:47 Scout Tower
40:48 Scout Tower
40:53 Scout Tower
40:55 Scout Tower
41:16 Guard Tower
41:19 Scout Tower
41:21 Scout Tower
41:22 Scout Tower
41:24 Scout Tower
41:30 Scout Tower
41:34 Scout Tower
41:52 Guard Tower
41:54 Scout Tower
42:06 Cannon Tower
42:06 Guard Tower
42:07 Arcane Tower
42:08 Guard Tower
42:08 Guard Tower
42:27 Cannon Tower
42:40 Scout Tower
43:07 Cannon Tower
43:41 Scout Tower
43:45 Scout Tower
44:03 Scout Tower
44:09 Scout Tower
44:27 Cannon Tower
45:16 Arcane Tower
46:09 Farm
46:12 Farm
46:13 Farm
46:15 Farm
46:18 Farm
46:22 Farm
46:23 Farm
46:25 Farm
46:28 Farm
46:31 Farm
46:32 Farm
46:35 Farm
46:45 Farm
46:48 Farm
46:50 Farm
46:53 Farm
46:54 Farm
47:24 Farm
47:26 Farm
47:28 Farm
47:29 Farm
47:30 Farm
47:32 Farm
47:34 Farm
47:35 Farm
47:36 Farm
47:38 Farm
47:57 Scout Tower
48:32 Guard Tower
48:55 Farm
48:57 Farm
48:59 Farm
49:01 Farm
49:03 Farm
49:05 Farm
49:08 Farm
49:09 Farm
49:12 Farm
49:15 Farm
49:17 Farm
49:20 Farm
49:21 Farm
49:28 Farm
49:29 Farm
52:47 Scout Tower
52:48 Scout Tower
52:49 Scout Tower
52:51 Scout Tower
52:52 Scout Tower
53:24 Cannon Tower
53:25 Guard Tower
53:25 Arcane Tower
53:26 Guard Tower
» items
| Scroll of Regeneration | 6 | |
| Lesser Clarity Potion | 3 | |
| Scroll of Town Portal | 2 | |
| Scroll of Healing | 1 | |
| Potion of Lesser Invulnerability | 3 | |
| Sentry Wards | 2 | |
| Potion of Healing | 1 | |
| Potion of Invisibility | 3 | |
| Staff of Teleportation | 1 | |
| Wand of Lightning Shield | 1 | |
| Dust of Appearance | 1 | |
24 total
team 2 (loser)
lowl0r (
purple | 44 APM | 8076 actions | 183:31)
9 Blademaster
3 Wind Walk
3 Critical Strike
1 Bladestorm
2 Mirror Image
5 Shadow Hunter
1 Hex
3 Healing Wave
1 Serpent Ward
» actions
| Assign group hotkey | 214 | |
| Basic commands | 412 | |
| Build / train | 75 | |
| Enter build submenu | 97 | |
| Enter hero's abilities submenu | 16 | |
| Give item / drop item | 13 | |
| Remove unit from queue | 6 | |
| Right click | 4252 | |
| Select / deselect | 1723 | |
| Select group hotkey | 947 | |
| Use ability | 321 | |
8076 total
» units
| Peon | 7 | |
| Grunt | 4 | |
| Raider | 1 | |
| Spirit Walker | 1 | |
| Demolisher | 1 | |
| Forest Troll Shadow Priest | 1 | |
15 total
» upgrades
| Berserker Strength | 1 | |
| Ensnare | 1 | |
| Spirit Walker Training | 1 | |
| Pillage | 1 | |
| Reinforced Defenses | 1 | |
5 total
» buildings
| Altar of Storms | 2 | |
| Orc Burrow | 24 | |
| Barracks | 3 | |
| Voodoo Lounge | 2 | |
| Stronghold | 8 | |
| War Mill | 2 | |
| Watch Tower | 30 | |
| Beastiary | 1 | |
| Spirit Lodge | 1 | |
| Great Hall | 4 | |
| Fortress | 4 | |
81 total
» build order
00:03 Altar of Storms
00:15 Orc Burrow
00:39 Barracks
01:24 Orc Burrow
02:00 Voodoo Lounge
03:06 Stronghold
03:06 Stronghold
03:18 Stronghold
03:18 Stronghold
03:18 Stronghold
03:24 War Mill
04:55 Watch Tower
05:23 Orc Burrow
05:47 Beastiary
05:50 Spirit Lodge
06:47 Orc Burrow
08:09 Orc Burrow
08:26 Orc Burrow
08:48 Watch Tower
08:51 Orc Burrow
09:14 Orc Burrow
10:44 Orc Burrow
10:52 Great Hall
11:46 Fortress
11:46 Fortress
11:46 Fortress
11:46 Fortress
13:04 Watch Tower
13:05 Watch Tower
13:09 Watch Tower
13:14 Watch Tower
15:06 Watch Tower
15:40 Watch Tower
16:06 Watch Tower
16:54 Watch Tower
17:56 Watch Tower
19:55 Watch Tower
20:17 Watch Tower
21:01 Orc Burrow
21:06 Orc Burrow
22:57 Orc Burrow
23:01 Orc Burrow
26:58 Watch Tower
29:08 Orc Burrow
30:02 Watch Tower
30:35 Orc Burrow
31:17 Great Hall
31:40 Orc Burrow
37:02 Orc Burrow
37:58 Altar of Storms
39:11 Orc Burrow
40:38 Watch Tower
40:48 Watch Tower
41:22 Watch Tower
42:29 Orc Burrow
45:03 Orc Burrow
46:27 Orc Burrow
46:35 Great Hall
48:08 Orc Burrow
48:58 Watch Tower
49:22 Voodoo Lounge
49:31 Watch Tower
49:44 Watch Tower
50:46 Stronghold
50:56 Watch Tower
51:12 Watch Tower
52:02 Watch Tower
53:32 Watch Tower
54:40 Watch Tower
55:41 Watch Tower
56:17 Watch Tower
57:16 Watch Tower
57:59 Watch Tower
62:06 Orc Burrow
77:44 Orc Burrow
120:05 Great Hall
122:49 Stronghold
132:40 War Mill
135:23 Barracks
139:02 Barracks
» items
| Boots of Speed | 1 | |
| Staff of Teleportation | 1 | |
| Healing Salve | 4 | |
| Lesser Clarity Potion | 1 | |
| Claws of Attack +6 | 1 | |
| Scroll of Town Portal | 2 | |
| Orb of Lightning | 1 | |
| Potion of Lesser Invulnerability | 1 | |
12 total
Chat log
(00:15 / All) WCR.AllForIcons: gl hf
(00:21 / All) lowl0r: same
(37:49 / All) WCR.AllForIcons: oh snap
(37:53 / All) WCR.AllForIcons: that must have hurt
(38:06 / All) WCR.AllForIcons: could you imagine
(38:16 / All) WCR.AllForIcons: being hit by burning purple energy that burns your skn
(38:31 / All) WCR.AllForIcons: and piercing arrows that hit right into it
(38:36 / All) WCR.AllForIcons: must be painfull
(38:44 / All) WCR.AllForIcons: even with orcish skin
(38:57 / All) WCR.AllForIcons: your poor little blademaster
(40:58 / All) WCR.AllForIcons: ok
(41:04 / All) WCR.AllForIcons: we shouldnt torture our armies
(41:07 / All) WCR.AllForIcons: ceasefire?
(41:26 / All) WCR.AllForIcons: not?
(41:39 / All) WCR.AllForIcons: you are a brutal warlord
(41:44 / All) WCR.AllForIcons: no wonder your armies moral is low
(45:02 / All) WCR.AllForIcons: its a small death for a peasant
(45:10 / All) WCR.AllForIcons: but a big step for the tower front
(51:11 / All) WCR.AllForIcons: W
(51:14 / All) WCR.AllForIcons: C
(51:16 / All) WCR.AllForIcons: R
(51:29 / All) WCR.AllForIcons: WCReplays.com, where pros go to get better
(53:57 / All) WCR.AllForIcons: no way out
(54:04 / All) WCR.AllForIcons: hey
(54:10 / All) WCR.AllForIcons: dont you dare to attack wcreplays.com
(54:31 / All) WCR.AllForIcons: ýou will pay for that
(56:00 / All) lowl0r: have to tell u I love pillage
(56:07 / All) WCR.AllForIcons: jaczie does too
(56:22 / All) WCR.AllForIcons: I JUST WANNA PILAGE
(56:26 / All) WCR.AllForIcons: IM A GOLDDIGGER
(57:18 / All) WCR.AllForIcons: i still have 3000 gold
(57:56 / All) WCR.AllForIcons: you are a good warrior
(57:59 / All) WCR.AllForIcons: you have the orcish pride
(58:06 / All) WCR.AllForIcons: the endurance to never give up
(63:12 / All) WCR.AllForIcons: enough with the fun
(101:19 / All) lowl0r: need xp for my sh plz send water ele
(101:25 / All) WCR.AllForIcons: :P
(101:26 / All) WCR.AllForIcons: nope
(101:30 / All) WCR.AllForIcons: need exp for my alchi
(101:33 / All) lowl0r: ;(
(101:36 / All) WCR.AllForIcons: Please suicide your heros
(101:46 / All) lowl0r: trying but bm to strong ^^
(101:49 / All) WCR.AllForIcons: ill just go afk and wait till you took down my building
(101:58 / All) WCR.AllForIcons: srsly
(102:02 / All) WCR.AllForIcons: i couldve easily won
(102:04 / All) WCR.AllForIcons: but instead
(102:09 / All) WCR.AllForIcons: i invested 10k gold in towers
(102:16 / All) WCR.AllForIcons: and let you tp out of the circle
(102:28 / All) WCR.AllForIcons: talking about cocky
(104:06 / All) WCR.AllForIcons: you know there still is the ring to kill?
(104:12 / All) lowl0r: y
(104:25 / All) WCR.AllForIcons: so this will be "who disconnects first" i guess
(104:35 / All) lowl0r: just searched 4 a movie to watch while I do that ^^
(104:44 / All) WCR.AllForIcons: im having breakfast
(105:12 / All) WCR.AllForIcons: brezeln almost finished
(105:28 / All) lowl0r: just good I got a 2nd pc so I can watch mym vs attax ^^
(105:36 / All) WCR.AllForIcons: shit, youre right
(105:39 / All) WCR.AllForIcons: no waaaghtv
(105:45 / All) WCR.AllForIcons: i guess there is a videostream
(105:49 / All) WCR.AllForIcons: ive got a second mac
(105:58 / All) WCR.AllForIcons: well, a second comp, which is a mac
(106:03 / All) WCR.AllForIcons: but it laggs way too much
(106:14 / All) WCR.AllForIcons: 8 frames per second waaaghtv isnt nice
(106:14 / All) lowl0r: no its wtv and german cast
(106:22 / All) WCR.AllForIcons: youre german?
(106:26 / All) lowl0r: no
(106:38 / All) lowl0r: was talking about wtv ^^
(107:25 / All) WCR.AllForIcons: yay for gamesports faggotry
(107:32 / All) WCR.AllForIcons: eswc dota qualifier as videostream
(107:35 / All) WCR.AllForIcons: -_______________________-
(108:04 / All) lowl0r: wc3l =esl so no gs
(108:04 / All) WCR.AllForIcons: i guess if one of us disc i win
(108:12 / All) WCR.AllForIcons: yeah, but esl tv isnt showing either
(108:18 / All) WCR.AllForIcons: esl radio sucks
(108:22 / All) lowl0r: ^^
(108:49 / All) WCR.AllForIcons: so where are you from?
(109:05 / All) lowl0r: austria
(109:07 / All) WCR.AllForIcons: oh
(109:11 / All) WCR.AllForIcons: dann lass doch deutsch sprechen
(109:13 / All) WCR.AllForIcons: warum east?
(109:24 / All) lowl0r: spiel gern gegen tower ^^
(109:36 / All) WCR.AllForIcons: dann hast du ja gekriegt was du wolltest
(109:53 / All) lowl0r: deswegen bin ich ja noch im game
(109:54 / All) WCR.AllForIcons: bin clan towa mitglied, also ich, das hier ist ein sharedaccount der wcr staff mitglieder
(110:59 / All) WCR.AllForIcons: glaubst du du schaffst die tower?
(111:09 / All) WCR.AllForIcons: the ring meine ich
(111:20 / All) lowl0r: ka hab angst ich pass nicht auf und bm geht mir ein ^^
(111:32 / All) WCR.AllForIcons: du hast nur eine chance
(111:34 / All) WCR.AllForIcons: you got
(111:37 / All) WCR.AllForIcons: one shot
(111:42 / All) WCR.AllForIcons: one chance
(111:45 / All) WCR.AllForIcons: all you ever wanted
(111:47 / All) WCR.AllForIcons: go catch it
(111:49 / All) WCR.AllForIcons: so etwa
(111:57 / All) lowl0r: naja mal die tower hier dann grunts ran und kohle holen ^^
(111:57 / All) WCR.AllForIcons: gold?
(112:34 / All) WCR.AllForIcons: mhh
(112:36 / All) WCR.AllForIcons: du gewinnst eh
(112:48 / All) WCR.AllForIcons: aber der spaß liegt daran es dir schwer zu machen
(112:54 / All) lowl0r: ^^
(113:04 / All) WCR.AllForIcons: wenn ich nen sieg haben wollte hätte ich dich mit 80/80 tanks gerusht
(113:17 / All) lowl0r: darauf hab ich gewartet ^^
(113:34 / All) WCR.AllForIcons: nachdem ich deine burrows so oft geraped habe
(113:37 / All) lowl0r: bzw eigentlich nur auf den towerrush ^^
(113:48 / All) WCR.AllForIcons: t.t
(113:58 / All) WCR.AllForIcons: ich hätte dich sogar draußen noch aufhalten können
(114:05 / All) WCR.AllForIcons: gleich mk 2nd hätte schon gereicht
(115:03 / All) WCR.AllForIcons: welchen film guckst du?
(115:24 / All) WCR.AllForIcons: =(
(115:25 / All) WCR.AllForIcons: afk
(115:29 / All) WCR.AllForIcons: du bist gemein
(117:02 / All) WCR.AllForIcons: nene
(117:38 / All) WCR.AllForIcons: also
(118:02 / All) WCR.AllForIcons: red vs blue, pure pwnage,
(118:04 / All) WCR.AllForIcons: face off
(118:07 / All) WCR.AllForIcons: import export
(118:11 / All) WCR.AllForIcons: wc3 movies
(118:17 / All) WCR.AllForIcons: hundstage
(118:26 / All) WCR.AllForIcons: mhhh
(119:41 / All) WCR.AllForIcons: wieviel gold gibt das?
(119:47 / All) WCR.AllForIcons: pillage imba
(119:52 / All) lowl0r: bis jetzt 600
(121:12 / All) WCR.AllForIcons: nice
(121:14 / All) WCR.AllForIcons: das ist viel
(121:18 / All) WCR.AllForIcons: etwa ein blademaster
(121:53 / All) WCR.AllForIcons: masonry aus
(127:43 / All) WCR.AllForIcons: was guckst du jetzt?
(128:01 / All) WCR.AllForIcons: nicht mehr gesprächig?
(128:22 / All) lowl0r: grade am switchen beim fernsehn ^^
(129:11 / All) WCR.AllForIcons: aso fernsehen
(129:14 / All) WCR.AllForIcons: dachte auf dem pc
(133:01 / All) WCR.AllForIcons: oh shit
(133:10 / All) WCR.AllForIcons: wie hast du nen 2ten blademaster bekommen?
(133:47 / All) lowl0r: tja spielst du lang genug bekommst du einen 2en gratis ^^
(134:40 / All) WCR.AllForIcons: imba
(136:13 / All) WCR.AllForIcons: gratz
(147:14 / All) lowl0r: tower könnten echt mal mehr xp geben
(147:25 / All) WCR.AllForIcons: orly?
(148:15 / All) WCR.AllForIcons: wieviel gold haste?
(148:21 / All) WCR.AllForIcons: 22 hier
(148:41 / All) WCR.AllForIcons: =?
(148:48 / All) lowl0r: 300 im mom
(148:57 / All) WCR.AllForIcons: nice
(150:04 / All) WCR.AllForIcons: transmute wäre mal nett
(150:14 / All) WCR.AllForIcons: oder phönix
(150:26 / All) WCR.AllForIcons: oder von mir aus auch spiked barricades
(150:40 / All) lowl0r: ^^
(151:52 / All) WCR.AllForIcons: spiked barricades oder pillage für human
(152:47 / All) lowl0r: k dann fortified armor für raider
(153:10 / All) WCR.AllForIcons: mhh
(153:14 / All) WCR.AllForIcons: lol
(153:24 / All) WCR.AllForIcons: ich habe extra fast keine tanks gebaut
(153:42 / All) lowl0r: ja nur 200tower ^^
(153:43 / All) WCR.AllForIcons: gleich gehts los
(154:00 / All) WCR.AllForIcons: gold?
(154:46 / All) WCR.AllForIcons: gj
(155:06 / All) WCR.AllForIcons: lol 23 arcane tower
(155:20 / All) WCR.AllForIcons: mehr als 2 cannon
(156:23 / All) WCR.AllForIcons: mehr als 12
(156:26 / All) WCR.AllForIcons: meine ich
(159:30 / All) WCR.AllForIcons: haha
(159:31 / All) WCR.AllForIcons: have fun
(159:47 / All) WCR.AllForIcons: katapult vs heavy air und lvl3 water eles
(160:39 / All) WCR.AllForIcons: was hilft das
(160:43 / All) WCR.AllForIcons: da sind genausoviele tower